 Dungeon Crawl Stone Soup version 0.19-a0-47-g1fa3c7d (webtiles) character file.

92178 AlphabetPasta the Geomancer (level 15, -6/113 HPs)
             Began as a Red Draconian Earth Elementalist on May 4, 2016.
             Was a High Priest of Vehumet.
             Mangled by a redback (18 damage)
             ... on level 2 of the Spider Nest on May 5, 2016.
             The game lasted 03:23:06 (29640 turns).

AlphabetPasta the Geomancer (DrEE)                 Turns: 29640, Time: 03:23:07

Health: -6/113     AC:  5    Str: 14    XL:     15   Next: 57%
Magic:  6/40       EV: 15    Int: 23    God:    Vehumet [*****.]
Gold:   2363       SH: 11    Dex: 11    Spells: 10 memorised, 0 levels left

rFire  + + .     SeeInvis +     a - 345 stones
rCold  . . .     Gourm    .     (armour unavailable)
rNeg   . . .     Faith    .     V - +1 buckler {rF+}
rPois  +         Spirit   .     M - +0 hat {SInv}
rElec  .         Dismiss  .     w - +1 cloak
rCorr  .         Reflect  +     p - +1 pair of gloves
SustAt +         Harm     .     (no boots)
MR     +....                    H - +6 amulet of reflection
Stlth  ++........               q - ring of Woreigut {SustAt rPois Str+4}
                                r - ring of magical power

@: corroded, somewhat resistant to hostile enchantments, unstealthy
A: breathe fire, unfitting armour, fire resistance 1, cold-blooded, AC +9
a: Breathe Fire, Renounce Religion


You were on level 2 of the Spider Nest.
You worshipped Vehumet.
Vehumet was extremely pleased with you.
You were not hungry.

You visited 5 branches of the dungeon, and saw 24 of its levels.
You also visited: Labyrinth and Bailey.

You collected 2363 gold pieces.

Inventory:

Missiles
 a - 345 stones (in hand)
Armour
 l - a +2 hat of intelligence
 p - a +1 pair of gloves (worn)
 w - a +1 cloak (worn)
 M - a +0 hat of see invisible (worn)
 V - a +1 buckler of fire resistance (worn)
Magical Staves
 b - an uncursed staff of conjuration
Jewellery
 k - an uncursed ring of protection from magic
 q - the ring of Woreigut (right hand) {SustAt rPois Str+4}
   (You found it on level 4 of the Lair of Beasts)

   [ring of sustain attributes]

   It sustains your strength, intelligence and dexterity.
   It affects your strength (+4).
   It protects you from poison.
 r - a ring of magical power (left hand)
 s - an uncursed ring of protection from fire
 H - a +6 amulet of reflection (around neck)
 R - an uncursed ring of see invisible
Wands
 h - a wand of confusion (23/48)
 x - a wand of confusion (26/48)
 y - a wand of disintegration (9/24)
 A - a wand of lightning (5/15)
 B - a wand of flame (27/48)
 C - a wand of flame (18/48)
 F - a wand of polymorph (13/24)
 G - a wand of disintegration (3/24)
 K - a wand of digging (9/24)
 L - a wand of confusion (14/48)
 N - a wand of flame (10/48)
 Q - a wand of flame (15/48)
 T - a wand of hasting (3/9)
 W - a wand of acid (5/15)
Scrolls
 d - 3 scrolls of teleportation
 i - 2 scrolls of enchant armour
 j - 6 scrolls of enchant weapon
 n - 15 scrolls of remove curse
 u - 2 scrolls of fog
 z - 3 scrolls of recharging
 O - a scroll of identify
Potions
 e - 2 potions of cancellation
 g - 4 potions of berserk rage
 o - 5 potions of might
 t - 5 potions of curing
 v - a potion of agility
 D - a potion of flight
 I - 2 potions of invisibility
 J - 2 potions of brilliance
Books
 f - a book of Beasts

   Spells                             Type                      Level
   a - Summon Butterflies             Summoning                    1
   b - Call Canine Familiar           Summoning                    3
   c - Summon Ice Beast               Ice/Summoning                4
   d - Summon Mana Viper              Hexes/Summoning              5
   e - Summon Hydra                   Summoning                    7
 P - a book of Minor Magic

   Spells                             Type                      Level
   a - Magic Dart                     Conjuration                  1
   b - Blink                          Translocation                2
   c - Call Imp                       Summoning                    2
   d - Repel Missiles                 Charms/Air                   2
   e - Slow                           Hexes                        2
   f - Conjure Flame                  Conjuration/Fire             3
   g - Mephitic Cloud                 Conjuration/Poison/Air       3
Miscellaneous
 U - a box of beasts
Comestibles
 c - 15 bread rations
 m - 10 slices of pizza
 S - 7 meat rations


   Skills:
 - Level 5.0 Fighting
 - Level 2.4 Staves
 - Level 7.1 Dodging
 - Level 1.7 Stealth
 - Level 4.0 Shields
 + Level 12.3 Spellcasting
 + Level 11.4 Conjurations
 - Level 1.0 Transmutations
 + Level 13.6 Fire Magic
 * Level 14.8 Earth Magic
 + Level 5.9 Evocations


You couldn't memorise any spells.
You knew the following spells:

 Your Spells              Type           Power        Failure   Level  Hunger
a - Sandblast             Erth           ######       0%          1    None
b - Passwall              Trmt/Erth      ######....   1%          2    None
c - Stone Arrow           Conj/Erth      ######       1%          3    None
d - Petrify               Trmt/Erth      ######..     1%          4    None
e - Conjure Flame         Conj/Fire      ######..     1%          3    None
f - Mephitic Cloud        Conj/Pois/Air  ####....     1%          3    None
g - Bolt of Magma         Conj/Fire/Erth ######....   1%          5    ###....
h - Fireball              Conj/Fire      ######....   1%          5    ###....
i - Iron Shot             Conj/Erth      ######....   1%          6    #####..
j - Bolt of Fire          Conj/Fire      ######....   1%          6    #####..


Dungeon Overview and Level Annotations

Branches:
Dungeon (11/15)            Temple (1/1) D:7            Lair (8/8) D:8
  Swamp (0/4) Lair:5       Spider (2/4) Lair:5        Slime (0/6) Lair:6
    Orc (2/2) D:9             Elf (0/3) Orc:2

Altars:
Ashenzari
Cheibriados
Dithmenos
Elyvilon
Fedhas
Gozag
Kikubaaqudgha
Makhleb
Nemelex Xobeh
Okawaru
Pakellas
Qazlal
Ru
Sif Muna
Trog
Vehumet
Xom
Yredelemnul
Zin
The Shining One
Beogh
Lugonu

Shops:
D:11 (   Orc:2 ([*}

Portals:
Trove: D:11 (give +3 shadow dragon armour)

Annotations:
D:3 Brewhammer's ghost, amateur TrMo
D:7 newageoflight's ghost, novice GrBe


Innate Abilities, Weirdness & Mutations

You can breathe blasts of fire.
Your fiery red scales are hard (AC +9).
Your body does not fit into most forms of armour.
Your flesh is heat resistant.
You are cold-blooded and may be slowed by cold attacks.


Message History

Drink which item? (? for menu, Esc to quit)
You feel much better. The redback bites you!
* * * LOW HITPOINT WARNING * * *
The redback bites you.
* * * LOW HITPOINT WARNING * * *
The redback bites you!
* * * LOW HITPOINT WARNING * * *
Evoke which item? (* to show all) (? for menu, Esc to quit)
Zapping:
W - a wand of acid (will waste charges)
Press: ? - help, Shift-Dir - straight line, f - redback
Aim: a redback (severely wounded, clinging)
The bolt of acid hits the redback.
The acid corrodes the redback!
The redback is moderately wounded.
The bolt of acid hits the redback.
The acid corrodes the redback!
You kill the redback!
Vehumet accepts your kill.
You feel your power returning.
Evoking this partially-identified wand wasted a few charges.
The redback bites you!!
You die...

#.###^..#. ≈≈.
###..#.... ....
#........#..#
#.....^)...#..
.....
#.†..........#.....
#..####..#..!.#...#
#.†# ......###.#.#
##.# ..#..........
#@####......#..#..
##ss........#....#
##^...#....#.....
###.....#.#.<...
#..#........#.
##........#.#.
#^...........
#.##..##.....
#..^.......#.#


You could see 2 redbacks.

Vanquished Creatures
  Gastronok (Lair:2)
  Agnes (Spider:1)
  A ghost moth (Spider:2)
  An orc warlord (Orc:2)
  A stone giant (Orc:2)
  Erolcha (D:10)
  Josephine (Lair:5)
  A minotaur (Lab)
  An entropy weaver (Spider:2)
  5 hydras
  Erica (D:11)
  A catoblepas (Lair:7)
  A queen ant (Lair:3)
  An orc high priest (Orc:2)
  4 ogre magi (Orc:2)
  3 hill giants (D:10)
  3 orc knights
  2 wolf spiders (Spider:1)
  A necromancer (Lair:7)
  4 orb spiders (Spider:1)
  5 orc sorcerers
  2 griffons
  2 deep elf magi (Orc:2)
  A moth of wrath (Spider:1)
  8 black mambas
  5 elephants (Lair:5)
  A torpor snail (Spider:2)
  A gargoyle (D:11)
  19 spiny frogs
  5 rime drakes
  10 komodo dragons
  8 demonic crawlers
  9 jumping spiders
  4 trolls
  2 polar bears
  2 giant leeches (Lair:8)
  16 two-headed ogres
  32 blink frogs
  17 redbacks
  9 tarantellas
  65 yaks
  4 wraiths (Lair:5)
  A hog (D:8)
  A human (D:8)
  4 basilisks
  Grum (D:8)
  3 vampire mosquitoes
  8 hippogriffs
  4 insubstantial wisps (Lair:5)
  3 wargs
  18 water moccasins
  7 soldier ants (Lair:3)
  A swamp drake (Orc:2)
  9 porcupines
  4 sky beasts
  An ice beast (D:10)
  34 orc warriors
  A phantom (D:8)
  2 wasps
  A black bear (D:11)
  19 wolves
  31 ogres
  4 centaurs
  11 crocodiles
  3 big kobolds
  35 giant frogs
  A water moccasin zombie (D:8)
  4 scorpions
  7 wights
  A howler monkey (D:5)
  3 electric eels (Lair:8)
  4 crimson imps
  A quasit (D:8)
  A centaur skeleton (D:10)
  A giant frog skeleton (D:7)
  A jelly (D:4)
  A centaur zombie (D:8)
  9 hounds
  13 orc priests
  22 orc wizards
  5 iguanas
  An iron imp (Orc:2)
  22 worker ants
  A killer bee zombie (D:8)
  5 polar bear simulacra (Lair:7)
  7 sheep
  2 wolf simulacra (Lair:7)
  A howler monkey zombie (D:10)
  A worker ant zombie (D:8)
  A howler monkey skeleton (D:6)
  6 gnolls
  7 adders
  43 river rats
  6 shadow imps
  A white imp (Orc:2)
  An adder skeleton (D:5)
  5 worms
  2 giant geckos
  104 orcs
  2 ball pythons
  7 bats
  8 giant cockroaches
  9 goblins
  12 hobgoblins
  11 jackals
  19 kobolds
  3 quokkas
  A giant gecko skeleton (D:4)
  3 giant newts
  A quokka skeleton (D:7)
  3 rats
  4 river rat simulacra (Lair:7)
  4 fungi
  5 plants
850 creatures vanquished.

Vanquished Creatures (others)
  3 bushes (Lair:7)
  20 fungi
  8 plants
31 creatures vanquished.

Grand Total: 881 creatures vanquished

Notes
Turn   | Place    | Note
--------------------------------------------------------------
     0 | D:1      | AlphabetPasta the Draconian Earth Elementalist began the quest for the Orb.
     0 | D:1      | Reached XP level 1. HP: 14/14 MP: 3/3
   331 | D:1      | Reached XP level 2. HP: 20/20 MP: 3/5
   335 | D:1      | Learned a level 2 spell: Passwall
   789 | D:1      | Reached XP level 3. HP: 26/26 MP: 4/6
   794 | D:1      | Learned a level 3 spell: Stone Arrow
  1457 | D:2      | Found a shadowy altar of Dithmenos.
  1546 | D:2      | Found an ancient bone altar of Kikubaaqudgha.
  1584 | D:2      | Found a shattered altar of Ashenzari.
  1623 | D:2      | Reached skill level 4 in Earth Magic
  1668 | D:2      | Reached XP level 4. HP: 23/34 MP: 2/8
  2175 | D:3      | Noticed Brewhammer's ghost (amateur TrMo)
  2274 | D:3      | Reached skill level 1 in Fighting
  2915 | D:3      | Reached skill level 1 in Conjurations
  2915 | D:3      | Reached XP level 5. HP: 37/40 MP: 0/9
  3560 | D:4      | Reached skill level 1 in Staves
  3651 | D:4      | Found a radiant altar of Vehumet.
  3662 | D:4      | Became a worshipper of Vehumet
  3713 | D:4      | Learned a level 4 spell: Petrify
  4460 | D:4      | Reached XP level 6. HP: 47/47 MP: 8/11
  4466 | D:4      | Reached skill level 5 in Earth Magic
  5204 | D:5      | Entered Level 5 of the Dungeon
  5221 | D:5      | Found a snail-covered altar of Cheibriados.
  5231 | D:5      | Your scales start taking on a fiery red colour.
  5231 | D:5      | Reached XP level 7. HP: 52/52 MP: 6/13
  5231 | D:5      | Gained mutation: Your flesh is heat resistant. [Red Draconian growth]
  5265 | D:5      | Reached * piety under Vehumet
  5265 | D:5      | Offered knowledge of Magic Dart by Vehumet.
  5292 | D:5      | Found a sacrificial altar of Ru.
  5294 | D:5      | Found a shimmering altar of Xom.
  5294 | D:5      | Found a glowing silver altar of Zin.
  5296 | D:5      | Found a bloodstained altar of Trog.
  5297 | D:5      | Found a white marble altar of Elyvilon.
  5897 | D:5      | Reached skill level 6 in Earth Magic
  6239 | D:6      | Reached skill level 5 in Spellcasting
  6519 | D:6      | Noticed a yak
  6519 | D:6      | Noticed a yak
  6532 | D:6      | Killed a yak
  6532 | D:6      | Reached skill level 1 in Evocations
  6532 | D:6      | Reached XP level 8. HP: 59/59 MP: 12/15
  6567 | D:6      | Reached skill level 7 in Earth Magic
  6768 | D:6      | Found a shadowy altar of Dithmenos.
  6854 | D:6      | Reached XP level 9. HP: 59/68 MP: 11/18
  7172 | D:7      | Reached ** piety under Vehumet
  7189 | D:7      | Offered knowledge of Searing Ray by Vehumet.
  7196 | D:7      | Identified a scroll of acquirement
  7202 | D:7      | Learned a level 3 spell: Conjure Flame
  7321 | D:7      | Noticed newageoflight's ghost (novice GrBe)
  7358 | D:7      | Reached skill level 1 in Fire Magic
  7628 | D:7      | Reached skill level 8 in Earth Magic
  7950 | D:7      | Found a staircase to the Ecumenical Temple.
  7959 | Temple   | Entered the Ecumenical Temple
  8087 | D:8      | Noticed Grum
  8377 | D:8      | Reached skill level 5 in Conjurations
  8444 | D:8      | Killed Grum
  8529 | D:8      | Found an opulent altar of Gozag.
  8766 | D:8      | Found an iron altar of Okawaru.
  8833 | D:8      | Found a staircase to the Lair.
  8849 | D:8      | Offered knowledge of Mephitic Cloud by Vehumet.
  8872 | D:8      | Noticed a death yak
  8895 | D:8      | Reached XP level 10. HP: 61/75 MP: 18/21
  8994 | D:8      | Reached skill level 5 in Fire Magic
  9615 | D:8      | Learned a level 3 spell: Mephitic Cloud
  9775 | D:9      | Learned a level 4 spell: Petrify
 10004 | D:9      | Reached *** piety under Vehumet
 10197 | D:9      | Found a staircase to the Orcish Mines.
 10335 | D:9      | Found a sparkling altar of Nemelex Xobeh.
 10707 | D:10     | Entered Level 10 of the Dungeon
 10707 | D:10     | Noticed Erolcha
 10710 | D:10     | Killed Erolcha
 10761 | D:10     | Noticed a hill giant
 10777 | D:10     | Killed a hill giant
 10823 | D:10     | Noticed a hill giant
 10827 | D:10     | Noticed a hill giant
 10872 | D:10     | Killed a hill giant
 10930 | D:10     | Offered knowledge of Ignite Poison by Vehumet.
 11161 | D:10     | Reached skill level 9 in Earth Magic
 11247 | D:10     | Reached XP level 11. HP: 81/81 MP: 12/23
 11274 | D:10     | Found a flagged portal.
 11292 | Bailey   | Entered a bailey
 11716 | Bailey   | Reached **** piety under Vehumet
 12209 | Bailey   | Offered knowledge of Bolt of Magma by Vehumet.
 12216 | Bailey   | Learned a level 5 spell: Bolt of Magma
 12267 | Bailey   | Found a roughly hewn altar of Beogh.
 12267 | Bailey   | Noticed an orc knight
 12273 | Bailey   | Killed an orc knight
 12781 | D:10     | Killed a hill giant
 12966 | D:9      | Found a basalt altar of Yredelemnul.
 13005 | D:11     | Found a shimmering altar of Xom.
 13050 | D:11     | Found Xiaseuj's Antique Weapon Emporium.
 13302 | D:11     | Noticed Erica
 13332 | D:11     | Killed Erica
 13457 | D:11     | Found a portal to a secret trove of treasure.
 13587 | D:8      | Learned a level 5 spell: Fireball
 13588 | Lair:1   | Entered Level 1 of the Lair of Beasts
 14081 | Lair:1   | Reached skill level 10 in Earth Magic
 14087 | Lair:1   | Reached ***** piety under Vehumet
 14194 | Lair:1   | Offered knowledge of Throw Icicle by Vehumet.
 14541 | Lair:1   | Reached skill level 5 in Dodging
 14895 | Lair:2   | Reached XP level 12. HP: 88/88 MP: 17/25
 15058 | Lair:2   | Reached skill level 10 in Fire Magic
 15063 | Lair:2   | Upgraded the game from 0.19-a0-43-gc85460c to 0.19-a0-47-g1fa3c7d
 15617 | Lair:2   | Noticed Gastronok
 15617 | Lair:2   | Noticed a seven-headed hydra
 15626 | Lair:2   | Killed a seven-headed hydra
 15686 | Lair:2   | Killed Gastronok
 15686 | Lair:2   | Reached skill level 10 in Spellcasting
 15686 | Lair:2   | Reached skill level 11 in Earth Magic
 16120 | Lair:3   | Noticed a five-headed hydra
 16124 | Lair:3   | Killed a five-headed hydra
 16451 | Lair:3   | Reached skill level 1 in Shields
 16809 | Lair:3   | Offered knowledge of Iron Shot by Vehumet.
 17124 | Lair:3   | Noticed a queen ant
 17127 | Lair:3   | Killed a queen ant
 17290 | Lair:3   | Reached XP level 13. HP: 93/93 MP: 19/27
 17363 | Lair:3   | Learned a level 6 spell: Iron Shot
 17664 | Lair:4   | Found a labyrinth entrance.
 17700 | Lab      | Entered a labyrinth
 18037 | Lab      | Noticed a minotaur
 18042 | Lab      | Killed a minotaur
 18056 | Lab      | Identified Sif Muna's Compendium of Displacement and Ignition
 18057 | Lab      | Got a bone mace
 18635 | Lair:4   | Got a clouded bronze ring
 18637 | Lair:4   | Identified the ring of Woreigut {SustAt rPois Str+4} (You found it on level 4 of the Lair of Beasts)
 18977 | Lair:5   | Found a hole to the Spider Nest.
 19196 | Lair:5   | Reached skill level 12 in Earth Magic
 19438 | Lair:5   | You fall through a shaft for 3 floors!
 19438 | Lair:8   | Entered Level 8 of the Lair of Beasts
 19987 | Lair:5   | Found a staircase to the Swamp.
 20019 | Lair:5   | Noticed Josephine
 20025 | Lair:5   | Killed Josephine
 20777 | Lair:6   | Found a staircase to the Slime Pits.
 21328 | Lair:7   | Reached skill level 10 in Conjurations
 21425 | Lair:7   | Reached XP level 14. HP: 94/100 MP: 29/29
 21637 | Lair:7   | Offered knowledge of Irradiate by Vehumet.
 21924 | Lair:7   | Reached skill level 13 in Earth Magic
 24228 | Lair:7   | Offered knowledge of Poison Arrow by Vehumet.
 24435 | Orc:1    | Entered Level 1 of the Orcish Mines
 24861 | Orc:1    | Found a roughly hewn altar of Beogh.
 25205 | Orc:2    | Entered Level 2 of the Orcish Mines
 25562 | Orc:2    | Found a staircase to the Elven Halls.
 25578 | Orc:2    | Noticed an orc warlord
 25601 | Orc:2    | Killed an orc warlord
 25919 | Orc:2    | Noticed a stone giant
 25923 | Orc:2    | Killed a stone giant
 25923 | Orc:2    | Reached skill level 5 in Fighting
 25923 | Orc:2    | Reached skill level 14 in Earth Magic
 26057 | Orc:2    | Reached XP level 15. HP: 96/113 MP: 9/31
 26059 | Orc:2    | Offered knowledge of Bolt of Fire by Vehumet.
 26246 | Orc:2    | Found Pauchoerph's General Store.
 26246 | Orc:2    | Found Ehyesedime's Antique Weapon Shop.
 26249 | Orc:2    | Found Dinap's Armour Shoppe.
 26249 | Orc:2    | Found Sycor's Gadget Boutique.
 26465 | Orc:2    | Learned a level 6 spell: Bolt of Fire
 27191 | Spider:1 | Entered Level 1 of the Spider Nest
 27257 | Spider:1 | Reached skill level 5 in Evocations
 28673 | Spider:1 | Offered knowledge of Freezing Cloud by Vehumet.
 28788 | Spider:1 | Noticed Agnes
 28791 | Spider:1 | Killed Agnes
 29612 | Spider:2 | Noticed a ghost moth
 29615 | Spider:2 | Killed a ghost moth
 29640 | Spider:2 | Mangled by a redback

Vault maps used:
D:1:      minmay_arrival_five_plusses
D:2:      ashenzari_conservatory_becter, nicolae_overflow_crystal_walls,
          old_standard_altar, grunt_decor_fettered
D:3:      first_bread
D:4:      overflow_temple_1_default
D:5:      grunt_temple_overflow_open
D:6:      nicolae_dithmenos_shadow_blocks
D:7:      temple_statues
D:8:      kennysheep_mini, nicolae_gozag_cash_rules_everything_around_me,
          dpeg_lair_monsters, grunt_livestock, kennysheep_generic_room_13,
          uniq_grum
D:9:      lemuel_round_altar, nicolae_overflow_hidden_temple, erik_orc_3,
          serial_bayou_pond_e
D:10:     enter_bailey_7, eino_tiny_chamber, uniq_erolcha
D:11:     basic_altar, serial_shops, shop, nicolae_trove_entry_free_sample,
          minmay_misc_feat_cross, uniq_erica
Temple:   corrupted_temple
Lair:1:   lemuel_fruit_fields
Lair:2:   grunt_megastairs_5, uniq_gastronok
Lair:3:   zaba_antful_of_joy
Lair:4:   lab_entry_generic, hangedman_lair_generics_rect, serial_bayou_shore_b,
          lemuel_fruit_tree
Lair:5:   minmay_swamp_entry_wisps, dummy_spider_entry, st_stairs_12,
          nicolae_lair_grove_arrangements, uniq_josephine
Lair:6:   slime_dummy, beast_lair_carwin_2
Lair:7:   serial_bayou_pond_b, eino_house_with_fridge
Lair:8:   minmay_lair_end_frog_pond, fungi_pond_lemuel,
          grunt_forest_stairs_basic, serial_bayou_pond_e
Spider:1: uniq_agnes
Spider:2: spider_trap
Orc:1:    nicolae_orc_accident_2
Orc:2:    st_orc_ogre_mass, hangedman_minor_magic
Lab:      labyrinth_mini_lab, nicolae_lab_flowing_pool, labyrinth_lava_lair
Bailey:   bailey_polearm_2, bailey

Skill      XL: |  1  2  3  4  5  6  7  8  9 10 11 12 13 14 15 |
---------------+----------------------------------------------+-----
Dodging        | 2 3 4 5 6 7 |  7.1
Earth Magic    | 4 5 6 7 8 9 10 11 12 14 | 14.8
Fighting       | 1 2 5 |  5.0
Spellcasting   | 3 4 5 6 7 8 9 10 11 12 | 12.3
Conjurations   | 1 2 3 4 5 6 7 8 10 11 | 11.4
Staves         | 1 2 |  2.4
Evocations     | 1 2 3 4 5 |  5.9
Fire Magic     | 4 7 9 10 11 13 | 13.6
Shields        | 3 4 |  4.0
Stealth        | |  1.7
Transmutations | |  1.0

Action                   |  1- 3 |  4- 6 |  7- 9 | 10-12 | 13-15 || total
-------------------------+-------+-------+-------+-------+-------++-------
Melee: Unarmed           |    15 |     4 |       |       |       ||    19
       Tailslap          |     1 |     3 |     2 |     4 |     2 ||    12
       Staff             |       |    25 |     5 |    15 |    17 ||    62
 Cast: Sandblast         |    54 |   101 |   126 |   183 |    82 ||   546
       Stone Arrow       |       |     3 |    55 |   276 |   506 ||   840
       Passwall          |       |       |     1 |       |       ||     1
       Conjure Flame     |       |       |       |     9 |       ||     9
       Mephitic Cloud    |       |       |       |     7 |       ||     7
       Fireball          |       |       |       |    28 |   111 ||   139
       Bolt of Magma     |       |       |       |     5 |    63 ||    68
 Abil: Breathe Fire      |       |       |    19 |    23 |    12 ||    54
Evoke: Wand              |       |       |     4 |     5 |    12 ||    21
  Use: Scroll            |       |    13 |     6 |     8 |    13 ||    40
       Potion            |       |     3 |     2 |     1 |     9 ||    15
 Stab: Sleeping          |     1 |       |       |       |       ||     1
  Eat: Chunk             |     3 |     8 |    14 |    19 |    40 ||    84
       Fruit             |       |     4 |     1 |     3 |     8 ||    16
       Beef jerky        |       |       |       |     2 |     3 ||     5
       Meat ration       |       |       |       |     2 |       ||     2
       Royal jelly       |       |       |       |     1 |       ||     1
       Pizza             |       |       |       |       |     4 ||     4
Armor: Skin              |     9 |    19 |    34 |    39 |    87 ||   188
Dodge: Dodged            |    26 |    53 |    64 |   111 |   163 ||   417
Block: Other             |       |       |     3 |    48 |       ||    51
       Reflection        |       |       |       |     7 |     3 ||    10
       Buckler           |       |       |       |       |   176 ||   176
